Map: Dusk Towers

Players

xKawaiian

  • Race: Terran Terran
  • League: Master

Sanctum - Winner!

  • Race: Terran Terran
  • League: Master

VOD

Have the link to the VOD?

Description

Time

  • Played on: Jan. 13, 2016, 7:58 p.m.
  • Length: 5:54
Show
View Real Time Build Order
Export as new Build Order

xKawaiian Terran 

Build Orders:  

Get SALT Encoding   

  12  0:01  SCV  
  13  0:13  SCV  
  14  0:17  Supply Depot  
  14  0:25  SCV  
  15  0:39  SCV  
  15  0:40  Barracks  
  16  0:45  Refinery  
  16  0:51  SCV  
  16  0:52  Refinery  
  17  1:03  SCV  
  18  1:28  Marine  
  18  1:29  Bunker  
  19  1:41  Supply Depot  
  19  1:47  Factory  
  19  1:55  Marine  
  19  2:16  Marine  
  19  2:17  SCV  
  21  2:29  SCV  
  22  2:31  Hellion  
  22  2:34  Marine  
  22  2:35  Starport  
  23  2:53  Hellion  
  23  3:13  Marine  
  23  3:14  Hellion  
  26  3:24  Orbital Command  
  26  3:38  Marine  
  26  3:39  Hellion  
  29  3:57  SCV  
  29  4:02  Supply Depot  
  30  4:06  Liberator  
  30  4:09  SCV  
  31  4:15  Supply Depot  
  31  4:23  Marine  
  31  4:24  Factory Tech Lab  
  31  4:48  SCV  
  28  5:00  SCV, Cyclone  
  28  5:02  Command Center  
  32  5:10  Marine  
  32  5:12  SCV  
  34  5:16  Medivac  
  36  5:25  SCV  
  33  5:37  SCV  
  33  5:38  Barracks  
Show
View Real Time Build Order
Export as new Build Order

Sanctum Terran - Winner!

Build Orders: Reaper Expand 

Get SALT Encoding   

  12  0:09  Supply Depot  
  12  0:13  SCV  
  13  0:23  Refinery  
  13  0:43  Barracks  
  13  0:59  Barracks  
  13  1:04  SCV  
  14  1:16  SCV  
  15  1:30  Reaper  
  16  1:35  Orbital Command  
  15  2:02  Reaper  
  15  2:03  Reaper  
  17  2:13  SCV  
  18  2:21  Supply Depot  
  18  2:31  SCV  
  18  2:34  Reaper  
  20  2:43  SCV  
  20  2:44  Reaper  
  21  2:56  SCV  
  20  3:06  Reaper  
  20  3:08  SCV  
  20  3:09  Command Center  
  22  3:18  Factory  
  22  3:20  SCV  
  23  3:28  Engineering Bay  
  23  3:35  SCV  
  23  3:49  SCV  
  24  4:01  SCV  
  25  4:03  Hellion  
  25  4:05  Starport  
  25  4:09  Supply Depot  
  27  4:21  Supply Depot  
  27  4:23  Supply Depot, Orbital Command  
  24  4:45  SCV  
  23  4:46  Hellion  
  23  4:50  Bunker  
  23  4:51  Viking  
  27  4:57  Orbital Command  
  27  5:01  SCV  
  28  5:08  Hellion  
  28  5:13  SCV  
  31  5:23  SCV  
  31  5:25  Command Center  
  32  5:31  SCV  
  32  5:35  SCV  
Tags
 
Add a new tag
Caveats
  • Supply blocks, unpowered buildings, or Contaminate may cause inaccurate times.
  • Supply counts are checked every 10 seconds.